 Dungeon Crawl Stone Soup version 0.30-a0-800-g7c544603b3 (webtiles) character file.

Game seed: 10908397274909879558

146984 Chaicat the Slayer (level 16, 0/187 HPs)
             Began as a Minotaur Fighter on Feb 9, 2023.
             Was the Champion of Okawaru.
             Slain by the 27-headed Lernaean hydra (1 damage)
             ... on level 4 of the Swamp on Feb 22, 2023.
             The game lasted 01:48:17 (25313 turns).

Chaicat the Slayer (Minotaur Fighter)              Turns: 25313, Time: 01:48:17

Health: 0/187      AC: 45    Str: 28    XL:     16   Next: 90%
Magic:  0/15       EV:  7    Int:  8    God:    Okawaru [******]
Gold:   1555       SH:  0    Dex: 20    Spells: 15/15 levels left

rFire   . . .      SeeInvis .    K - +9 broad axe (distort)
rCold   . . .      Faith    .    m - +3 kite shield {AC+3}
rNeg    + + +      Spirit   +    F - +15 Maxwell's patent armour {-Cast -Tele rElec Will+ rCorr}
rPois   .          Reflect  .    Q - +0 hat "Quicriwne" {rN+++ MP-9 Str-3 Dex+3}
rElec   +          Harm     +    V - scarf {harm}
rCorr   +          Rampage  .    B - +2 pair of gloves {Str+3}
Will    ++...      NoTele   +    e - +1 pair of boots Stlth NoCast +
                                 Y - amulet "Fuimpuck" {Spirit Fly Regen+ Int-2}
HPRegen 1.31/turn                J - ring of Iklumephi {Fly rN+ Slay+2}
MPRegen 0.14/turn                y - ring of Faosol {Int+5 Dex+6 Slay+6}

@: confused, ambrosia-drunk, flying
A: horns 2, retaliatory headbutt, iridescent scales 1, robust 1, MP-powered
wands
a: Renounce Religion, Heroism, Finesse, Duel


You were on level 4 of the Swamp.
You worshipped Okawaru.
Okawaru was exalted by your worship.
You visited 4 branches of the dungeon, and saw 26 of its levels.
You visited 1 bazaar.
You also visited: Sewer, Ossuary, Bailey, Gauntlet and Ice Cave.

You collected 2916 gold pieces.
You spent 1361 gold pieces at shops.

Inventory:

Hand Weapons
 K - a +9 broad axe of distortion (weapon)
 R - a +4 flail of distortion
Missiles
 o - 6 throwing nets (quivered)
Armour
 e - a +1 pair of boots (worn)
 l - +0 fire dragon scales
 m - a +3 kite shield of protection (worn)
 B - a +2 pair of gloves of strength (worn)
 F - the +15 Maxwell's patent armour (worn) {-Cast -Tele rElec Will+ rCorr}
   (You acquired it on level 10 of the Dungeon)

   rElec:     It insulates you from electricity.
   -Cast:     It prevents spellcasting.
   -Tele:     It prevents most forms of teleportation.
   rCorr:     It protects you from acid and corrosion.
   Will:      It increases your willpower.
 Q - the +0 hat "Quicriwne" (worn) {rN+++ MP-9 Str-3 Dex+3}
   (Okawaru gifted it to you on level 4 of the Lair of Beasts)

   Str:       It affects your strength (-3).
   Dex:       It affects your dexterity (+3).
   rN:        It renders you almost immune to negative energy.
   MP:        It affects your magic capacity (-9).
 V - a scarf of harm (worn)
 W - a +2 hat
 X - +0 swamp dragon scales
 Z - the +22 crystal plate armour of Summertime {*Corrode +Inv Regen+}
   (You took it off a minotaur in a Gauntlet)

   +Inv:      It lets you turn invisible.
   Regen:     It increases your rate of health regeneration.
   *Corrode:  It may corrode you when you take damage.
Jewellery
 k - the ring of Linearity {rF+ rC+ rCorr Str-4 Dex+4}
   (You took it off Frances on level 1 of the Swamp)

   [ring of protection from fire]

   Str:       It affects your strength (-4).
   Dex:       It affects your dexterity (+4).
   rF:        It protects you from fire.
   rC:        It protects you from cold.
   rCorr:     It protects you from acid and corrosion.
 q - a ring of resist corrosion
 y - the ring of Faosol (right hand) {Int+5 Dex+6 Slay+6}
   (You bought it in a shop in a bazaar)

   [ring of dexterity]

   Int:       It affects your intelligence (+5).
   Dex:       It affects your dexterity (+6).
   Slay:      It affects your accuracy & damage with ranged weapons and melee
   (+6).
 H - the amulet of Idealism {+Blink rElec Regen+ rCorr}
   (You found it on level 9 of the Dungeon)

   [amulet of regeneration]

   rElec:     It insulates you from electricity.
   +Blink:    It lets you blink.
   Regen:     It increases your rate of health regeneration.
   rCorr:     It protects you from acid and corrosion.
 J - the ring of Iklumephi (left hand) {Fly rN+ Slay+2}
   (You bought it in a shop on level 9 of the Dungeon)

   [ring of flight]

   Slay:      It affects your accuracy & damage with ranged weapons and melee
   (+2).
   rN:        It protects you from negative energy.
   Fly:       It grants you flight.
 S - the ring "Xusash" {rPois SInv}
   (You found it on level 13 of the Dungeon)

   [ring of see invisible]

   rPois:     It protects you from poison.
   SInv:      It lets you see invisible.
 Y - the amulet "Fuimpuck" (around neck) {Spirit Fly Regen+ Int-2}
   (You found it in a Gauntlet)

   [amulet of guardian spirit]

   It causes incoming damage to be divided between your reserves of health and
   magic.
   Int:       It affects your intelligence (-2).
   Fly:       It grants you flight.
   Regen:     It increases your rate of health regeneration.
Wands
 a - a wand of polymorph (5)
 b - a wand of acid (7)
 s - a wand of iceblast (23)
 G - a wand of flame (32)
 I - a wand of digging (6)
 P - a wand of paralysis (11)
Scrolls
 c - 2 scrolls of brand weapon
 h - a scroll of identify
 i - a scroll of magic mapping
 n - 9 scrolls of teleportation
 A - 5 scrolls of fear
 C - 9 scrolls of fog
 L - 3 scrolls of amnesia
 O - 2 scrolls of blinking
Potions
 d - 5 potions of might
 f - 6 potions of lignification
 g - 10 potions of curing
 j - 6 potions of invisibility
 p - 12 potions of heal wounds
 t - 4 potions of resistance
 w - 7 potions of mutation
 x - 3 potions of brilliance
 z - 13 potions of haste
 D - 4 potions of magic
 E - 3 potions of cancellation
 M - 4 potions of berserk rage
 N - a potion of ambrosia
Miscellaneous
 T - a lightning rod (3/4)
 U - a condenser vane


   Skills:
 * Level 22.5 Fighting
 + Level 17.9 Axes
 + Level 19.4 Armour
 - Level 10.0 Shields
 + Level 12.4 Invocations


You had 15 spell levels left.
You didn't know any spells.
Your spell library contained the following spells:

 Spells                   Type           Power      Damage    Failure   Level
 Sandblast                Erth           0%         2d4       99%         1
 Slow                     Hex            0%         N/A       99%         1
 Sting                    Tmut/Pois      0%         1d3       99%         1
 Blink                    Tloc           0%         N/A       100%        2
 Cigotuvi's Dreadful Rot  Necr/Pois/Air  0%         N/A       100%        2
 Ensorcelled Hibernation  Hex/Ice        0%         N/A       100%        2
 Lesser Beckoning         Tloc           0%         N/A       100%        2
 Momentum Strike          Conj/Tloc      0%         3d8       100%        2
 Passwall                 Tmut/Erth      0%         N/A       100%        2
 Poisonous Vapours        Pois/Air       0%         N/A       100%        2
 Wereblood                Tmut           0%         N/A       100%        2
 Confusing Touch          Hex            0%         N/A       100%        3
 Gell's Gravitas          Tloc           0%         N/A       100%        3
 Mephitic Cloud           Conj/Pois/Air  0%         N/A       100%        3
 Stone Arrow              Conj/Erth      0%         3d7       100%        3
 Swiftness                Air            0%         N/A       100%        3
 Teleport Other           Tloc           0%         N/A       100%        3
 Vampiric Draining        Necr           0%         2d6       100%        3
 Vhi's Electric Charge    Tloc/Air       0%         N/A       100%        3
 Arcjolt                  Conj/Air       0%         1d10      100%        5
 Blade Hands              Tmut           0%         N/A       100%        5
 Borgnjor's Vile Clutch   Necr/Erth      0%         N/A       100%        5
 Iron Shot                Conj/Erth      0%         9d1       100%        6
 Maxwell's Capacitive Co  Air            0%         ∞         100%        8
 Animate Armour           Summ/Erth      Unusable   N/A       N/A         4
 Animate Dead             Necr           Unusable   N/A       N/A         4
 Death Channel            Necr           Unusable   N/A       N/A         6

Dungeon Overview and Level Annotations

Branches:
Dungeon (15/15)            Temple (0/1) D:6            Lair (5/5) D:9
  Swamp (4/4) Lair:2        Snake (0/4) Lair:2        Slime (0/5) Lair:5
    Orc (2/2) D:11            Elf (0/3) Orc:2        Vaults (0/5) D:13
 Depths (0/4) D:15          Sewer (visited)         Ossuary (visited)
 Bailey (visited)           IceCv (visited)         Gauntlet (visited)

Altars:
Dithmenos
Fedhas
Gozag
Hepliaklqana
Kikubaaqudgha
Makhleb
Okawaru
Qazlal
Ru
Sif Muna
Uskayaw
Xom
Zin
Jiyva

Shops:
D:2 *   D:9 =   Orc:1 [*   Orc:2 :[((

Portals:
Hell: Lair:5

Annotations:
Swamp:4 Lernaean hydra
Abyss:1 Aizul, Harold, Nergalle, Urug


Innate Abilities, Weirdness & Mutations

You have a pair of horns on your head.
You reflexively headbutt those who attack you in melee.
You are partially covered in iridescent scales. (AC +2)
You are robust. (+10% HP)
You expend magic power (3 MP) to strengthen your wands.


Message History

You headbutt the 27-headed Lernaean hydra!
The 27-headed Lernaean hydra is severely wounded.
The 27-headed Lernaean hydra bites you but does no damage. x2
The 27-headed Lernaean hydra closely misses you.
The 27-headed Lernaean hydra bites you but does no damage. x5
You block the 27-headed Lernaean hydra's attack.
The 27-headed Lernaean hydra bites you but does no damage. x3
You block the 27-headed Lernaean hydra's attack.
The 27-headed Lernaean hydra bites you but does no damage. x4
You block the 27-headed Lernaean hydra's attack.
The 27-headed Lernaean hydra bites you but does no damage.
The 27-headed Lernaean hydra bites you.
* * * LOW HITPOINT WARNING * * *
The 27-headed Lernaean hydra bites you but does no damage. x3
The 27-headed Lernaean hydra bites you!
* * * LOW HITPOINT WARNING * * *
The 27-headed Lernaean hydra bites you but does no damage. x2
The 27-headed Lernaean hydra closely misses you.
You are confused.
You feel invigorated.
The 27-headed Lernaean hydra bites you but does no damage. x4
The 27-headed Lernaean hydra bites you.
* * * LOW HITPOINT WARNING * * *
The 27-headed Lernaean hydra bites you but does no damage. x3
The 27-headed Lernaean hydra bites you.
* * * LOW HITPOINT WARNING * * *
The 27-headed Lernaean hydra bites you!
* * * LOW HITPOINT WARNING * * *
The 27-headed Lernaean hydra bites you but does no damage.
The 27-headed Lernaean hydra bites you!
* * * LOW HITPOINT WARNING * * *
The 27-headed Lernaean hydra bites you but does no damage. x2
The 27-headed Lernaean hydra barely misses you.
The 27-headed Lernaean hydra bites you but does no damage. x3
The 27-headed Lernaean hydra bites you.
* * * LOW HITPOINT WARNING * * *
The 27-headed Lernaean hydra bites you but does no damage.
The 27-headed Lernaean hydra barely misses you.
The 27-headed Lernaean hydra bites you.
You die...

♣♣♣♣♣♣♣)~~..♣♣♣♣♣♣. ♣~♣
♣♣♣.~~~..♣♣ ♣♣ ~§.♣♣
♣♣♣♣~.~~~~~~~♣ .~~.~
♣~~♣.~~~~†~~~♣
~~~~~♣♣~~~~.~~~~~~~.♣
.~~~.~..~.~~....~~~~~§
...♣~D.~§~♣~~~~~.~~~.♣
♣~♣~♣~~D~~.♣~~~~~~~.♣#
~~...§~@~~.~~~~~~.~♣####
.§~.~~§§~..!~~~♣~.♣###.φ
.~..~~..§..^..♣~.♣##....
♣♣~~~~.~♣~..~~~~.##.....
.~~....~~~~...~.♣ #.....
..~..~..~~~§.~~~♣##.....
♣♣~...§~~~~~~~~~~###....
♣♣♣..~~~~§~~~~~.♣♣#....
♣♣.~§~~~§~~~~~.~##...


You could see the 27-headed Lernaean hydra and a 12-headed hydra.

Vanquished Creatures
  Frances (Swamp:1)
  Gastronok (Lair:1)
  2 azure jellies (Lair:5)
  A reaper (IceCv)
  The ghost of BigDaddyOpFi the Unforgettable, a journeyman FoFi of Hepliaklqana (Lair:3)
  Nessos (Lair:3)
  2 eleionomae
  A minotaur (Gauntlet)
  9 bunyips
  A dire elephant (Lair:5)
  An ettin (Orc:2)
  A fire dragon (D:15)
  Fannar (Lair:1)
  A shambling mangrove (Swamp:4)
  19 hydras
  An ice dragon (D:15)
  5 ghost crabs (Swamp:1)
  2 boulder beetles
  5 centaur warriors
  4 two-headed ogres
  A death yak (Lair:4)
  8 alligators
  4 tengu warriors
  Amaemon (Lair:3)
  3 skeletal warriors (D:14)
  A sixfirhy (Lair:5)
  2 goliath frogs
  2 spectral hydras (Lair:3)
  9 spriggan druids
  7 swamp dragons
  4 wizards
  3 bog bodies
  3 orc knights
  3 deep elf pyromancers
  A spectral boulder beetle (Lair:3)
  5 orc sorcerers (Orc:2)
  A faun (shapeshifter) (D:13)
  4 will-o-the-wisps
  3 ugly things
  2 cyclopes
  2 manticores
  4 apocalypse crabs (Swamp:1)
  3 ice statues
  Maurice (D:11)
  5 black mambas
  A smoke demon (Lair:5)
  4 orange demons
  Maggie (D:7)
  2 gargoyles
  11 cane toads
  10 komodo dragons
  3 unseen horrors
  4 rime drakes
  2 freezing wraiths (IceCv)
  An efreet (D:14)
  A tengu conjurer (D:15)
  A yaktaur (D:15)
  8 ice devils
  2 polar bears
  6 anaconda simulacra (IceCv)
  A polar bear (shapeshifter) (D:13)
  A bloated husk (Swamp:3)
  8 meliai
  7 trolls
  Grinder (D:6)
  9 tyrant leeches
  7 hornets
  A spectral black mamba (Lair:3)
  13 blink frogs (Lair:3)
  A dream sheep (Lair:5)
  A slime creature (shapeshifter) (D:14)
  A vampire (D:13)
  6 flying skulls (Gauntlet)
  5 spriggans
  A shadow (D:10)
  A dire elephant simulacrum (IceCv)
  A hog (shapeshifter) (D:13)
  67 yaks
  10 wyverns
  3 wraiths
  2 steam dragons
  13 vampire mosquitoes
  4 basilisks
  A death yak simulacrum (IceCv)
  Menkaure (D:4)
  A harpy simulacrum (IceCv)
  3 wargs (Orc:2)
  An acid dragon (D:10)
  7 nagas (Lair:2)
  12 swamp worms
  2 hydra simulacra (IceCv)
  Duvessa (D:7)
  9 water moccasins
  4 hell hounds (Lair:5)
  5 swamp drakes (Swamp:4)
  22 orc warriors
  2 ice beasts
  Pargi (Sewer)
  5 black bears
  A sky beast (D:6)
  3 wolves (Lair:2)
  11 centaurs
  3 ogres
  The ghost of porpoise the Sneak, an amateur DsEn (D:3)
  3 phantoms (D:6)
  A kobold brigand (D:8)
  2 necrophages
  16 bullfrogs
  3 scorpions
  A two-headed ogre simulacrum (IceCv)
  A gnoll sergeant (D:6)
  12 wights
  Dowan (D:7)
  A dream sheep simulacrum (Lair:3)
  3 killer bees (D:8)
  A troll skeleton (D:13)
  2 electric eels (D:11)
  2 howler monkeys (D:13)
  5 spriggan skeletons (D:13)
  7 hounds
  Crazy Yiuf (D:7)
  3 jellies (D:6)
  3 gnoll boudas
  18 orc priests
  Jessica (D:2)
  7 iguanas
  14 orc wizards
  A wolf simulacrum (IceCv)
  8 mummies (Ossuary)
  27 gnolls
  9 adders
  A river rat (D:5)
  2 shadow imps (Gauntlet)
  15 white imps
  2 worms (D:2)
  5 dart slugs
  106 orcs
  9 ball pythons
  3 bats
  9 endoplasms
  5 giant cockroaches
  3 gnoll zombies (Ossuary)
  7 goblins
  10 hobgoblins
  6 jackals
  4 quokkas
  10 frilled lizards
  2 hobgoblin zombies (Ossuary)
  10 kobolds
  3 orc zombies (Ossuary)
  5 rats
829 creatures vanquished.

Vanquished Creatures (others)
  3 demonic plants (Gauntlet)
  A fire vortex (D:11)
  10 foxfires (Swamp:1)
  32 fungi
  40 plants
86 creatures vanquished.

Grand Total: 915 creatures vanquished

Notes
Turn   | Place    | Note
-------+----------+-------------------------------------------
     0 | D:1      | Chaicat the Minotaur Fighter began the quest for the Orb.
     0 | D:1      | Reached XP level 1. HP: 19/19 MP: 0/0
   136 | D:1      | Found a faded altar of an unknown god.
   151 | D:1      | Reached XP level 2. HP: 25/27 MP: 1/1
   658 | D:1      | Reached skill level 4 in Fighting
  1019 | D:2      | Reached XP level 3. HP: 33/33 MP: 2/2
  1173 | D:2      | Reached XP level 4. HP: 29/40 MP: 3/3
  1258 | D:2      | Identified a scroll of acquirement
  1258 | D:2      | Acquired a manual of Armour
  1271 | D:2      | Found Nibedouf's Assorted Antiques.
  1601 | D:2      | Noticed Jessica
  1604 | D:2      | Killed Jessica
  1800 | D:2      | Found an iron altar of Okawaru.
  1810 | D:2      | Became a worshipper of Warmaster Okawaru
  2000 | D:3      | Found a shimmering blue altar of Sif Muna.
  2111 | D:3      | Reached XP level 5. HP: 47/47 MP: 4/4
  2121 | D:3      | Reached skill level 5 in Armour
  2311 | D:3      | Found a large runed translucent door.
  2311 | D:3      | Found a large runed translucent door.
  2315 | D:3      | Noticed porpoise's ghost (amateur DsEn)
  2530 | D:3      | Reached skill level 5 in Shields
  2775 | D:3      | Killed porpoise's ghost
  2776 | D:3      | Reached skill level 5 in Fighting
  2776 | D:3      | Reached XP level 6. HP: 55/56 MP: 5/5
  2956 | D:4      | Found a sand-covered staircase.
  2966 | Ossuary  | Entered an ossuary
  3002 | Ossuary  | Reached * piety under Okawaru
  3450 | D:4      | Found a stormy altar of Qazlal.
  3494 | D:4      | Reached skill level 5 in Axes
  3599 | D:4      | Noticed Menkaure
  3633 | D:4      | Killed Menkaure
  3633 | D:4      | Reached ** piety under Okawaru
  3634 | D:4      | Reached skill level 6 in Fighting
  3634 | D:4      | Reached XP level 7. HP: 10/63 MP: 0/6
  4577 | D:5      | Entered Level 5 of the Dungeon
  4855 | D:5      | Found a glowing drain.
  4978 | Sewer    | Entered a sewer
  5046 | Sewer    | Noticed Pargi
  5058 | Sewer    | Killed Pargi
  5059 | Sewer    | Reached skill level 7 in Fighting
  5358 | D:5      | Reached XP level 8. HP: 70/73 MP: 7/7
  6089 | D:6      | Reached skill level 10 in Armour
  6115 | D:6      | Reached skill level 8 in Fighting
  6181 | D:6      | Reached *** piety under Okawaru
  6243 | D:6      | Found a staircase to the Ecumenical Temple.
  6266 | D:6      | Noticed Grinder
  6287 | D:6      | Killed Grinder
  6309 | D:6      | Reached XP level 9. HP: 67/82 MP: 8/8
  6521 | D:6      | Reached skill level 9 in Fighting
  6629 | D:6      | Reached **** piety under Okawaru
  6801 | D:6      | Found a shimmering altar of Xom.
  6967 | D:7      | Noticed Duvessa
  6967 | D:7      | Noticed Dowan
  6970 | D:7      | Killed Dowan
  6976 | D:7      | Killed Duvessa
  7142 | D:7      | Found an ancient bone altar of Kikubaaqudgha.
  7378 | D:7      | Reached skill level 10 in Fighting
  7390 | D:7      | Found a sacrificial altar of Ru.
  7435 | D:7      | Noticed Maggie
  7446 | D:7      | Killed Maggie
  7446 | D:7      | Reached ***** piety under Okawaru
  7447 | D:7      | Reached XP level 10. HP: 11/93 MP: 1/9
  7983 | D:7      | Found a runed translucent door.
  7984 | D:7      | Noticed Crazy Yiuf
  7989 | D:7      | Killed Crazy Yiuf
  8147 | D:8      | Found a hazy altar of Hepliaklqana.
  8208 | D:8      | Reached skill level 10 in Axes
  8308 | D:8      | Found a flagged portal.
  8371 | Bailey   | Entered a bailey
  8520 | Bailey   | Noticed an orc knight
  8528 | Bailey   | Killed an orc knight
  8839 | D:8      | Reached skill level 11 in Fighting
  9355 | D:9      | Identified the amulet of Idealism {+Blink rElec Regen+
                  | rCorr}
  9367 | D:9      | Upgraded the game from 0.30-a0-757-ga6a79fd877 to
                  | 0.30-a0-760-g5a9884bb7c
  9388 | D:9      | Found an opulent altar of Gozag.
  9400 | D:9      | Noticed a two-headed ogre
  9407 | D:9      | Killed a two-headed ogre
  9408 | D:9      | Reached skill level 15 in Armour
  9408 | D:9      | Reached skill level 1 in Invocations
  9484 | D:9      | Found Ogycwut's One-of-a-Kind Rings.
  9500 | D:9      | Bought the ring of Iklumephi {Fly rN+ Slay+2} for 445 gold
                  | pieces
  9577 | D:9      | Noticed a two-headed ogre
  9582 | D:9      | Killed a two-headed ogre
  9582 | D:9      | Received a gift from Okawaru
  9583 | D:9      | Reached XP level 11. HP: 86/102 MP: 7/11
  9763 | D:9      | Found a staircase to the Lair.
  9976 | D:9      | Found a glowing silver altar of Zin.
 10032 | D:10     | Entered Level 10 of the Dungeon
 10048 | D:10     | Noticed a two-headed ogre
 10052 | D:10     | Killed a two-headed ogre
 10136 | D:10     | Noticed a +0 short sword
 10136 | D:10     | Noticed a +0 falchion
 10137 | D:10     | Noticed a +0 spear
 10138 | D:10     | Noticed a +0 falchion
 10140 | D:10     | Noticed a +0 short sword
 10141 | D:10     | Noticed a +0 dagger
 10141 | D:10     | Noticed a +0 spear
 10141 | D:10     | Noticed a +0 dagger
 10225 | D:10     | Found a hide-covered altar of Uskayaw.
 10257 | D:10     | Reached skill level 12 in Fighting
 10410 | D:10     | Acquired the +15 Maxwell's patent armour {-Cast -Tele rElec
                  | Will+ rCorr}
 10410 | D:10     | Found the +15 Maxwell's patent armour {-Cast -Tele rElec
                  | Will+ rCorr}
 10455 | D:10     | Found a blossoming altar of Fedhas.
 10535 | D:10     | Found a shadowy altar of Dithmenos.
 10673 | D:11     | Gained mutation: You are partially covered in iridescent
                  | scales. (AC +2) [potion of mutation]
 10673 | D:11     | Gained mutation: You are robust. (+10% HP) [potion of
                  | mutation]
 10673 | D:11     | Gained mutation: You expend magic power (3 MP) to
                  | strengthen your wands. [potion of mutation]
 10767 | D:11     | Noticed Maurice
 10779 | D:11     | Found a staircase to the Orcish Mines.
 10789 | D:11     | Killed Maurice
 10910 | D:11     | Noticed Nergalle
 10932 | D:11     | Banished Nergalle
 10933 | D:11     | Reached skill level 13 in Fighting
 10962 | D:11     | Noticed Harold
 10966 | D:11     | Reached ****** piety under Okawaru
 10979 | D:11     | Banished Harold
 11054 | D:11     | Noticed a boulder beetle
 11066 | D:11     | Killed a boulder beetle
 11066 | D:11     | Received a gift from Okawaru
 11067 | D:11     | Reached XP level 12. HP: 87/126 MP: 14/14
 11149 | D:12     | Noticed a centaur warrior
 11169 | D:12     | Killed a centaur warrior
 11170 | D:12     | Reached skill level 10 in Shields
 11300 | D:12     | Noticed an eight-headed hydra
 11314 | D:12     | Killed a 13-headed hydra
 11315 | D:12     | Reached skill level 14 in Fighting
 11408 | D:12     | Reached skill level 5 in Invocations
 11704 | D:12     | Received a gift from Okawaru
 11813 | D:12     | Upgraded the game from 0.30-a0-760-g5a9884bb7c to
                  | 0.30-a0-777-ga9a30cbeda
 11933 | D:13     | You are sucked into a shaft and drop 2 floors!
 11933 | D:15     | Entered Level 15 of the Dungeon
 11939 | D:15     | Noticed a tengu warrior
 11940 | D:15     | Noticed a tengu warrior
 11952 | D:15     | Killed a tengu warrior
 11953 | D:15     | Killed a tengu warrior
 11980 | D:14     | Noticed a centaur warrior
 11987 | D:14     | Killed a centaur warrior
 12032 | D:14     | Noticed a centaur warrior
 12045 | D:14     | Killed a centaur warrior
 12299 | D:14     | Received a gift from Okawaru
 12300 | D:14     | Reached skill level 15 in Fighting
 12377 | D:14     | Noticed a centaur warrior
 12384 | D:14     | Killed a centaur warrior
 12462 | D:14     | Reached XP level 13. HP: 139/139 MP: 16/16
 12705 | D:13     | Noticed Urug
 12707 | D:13     | Identified the ring "Xusash" {rPois SInv}
 12712 | D:13     | Banished Urug
 12762 | D:13     | Upgraded the game from 0.30-a0-777-ga9a30cbeda to
                  | 0.30-a0-779-g7971cf19c3
 12799 | D:13     | Received a gift from Okawaru
 12836 | D:13     | Identified the +7 sling "Tyhoitwu" {elec, rElec rCorr}
 12879 | D:13     | Reached skill level 16 in Fighting
 12953 | D:13     | Found a gate to the Vaults.
 13282 | D:15     | Noticed a fire dragon
 13292 | D:15     | Killed a fire dragon
 13560 | D:15     | Found a gateway to a bazaar.
 13570 | Bazaar   | Entered a bazaar
 13572 | Bazaar   | Found Zyilimm's Jewellery Boutique.
 13576 | Bazaar   | Bought the ring of Faosol {Int+5 Dex+6 Slay+6} for 550 gold
                  | pieces
 13578 | Bazaar   | Found Lakit's Antique Armour Boutique.
 13578 | Bazaar   | Found Sofaruow's Weapon Boutique.
 13579 | Bazaar   | Found Apium's Book Boutique.
 13613 | Bazaar   | Bought a pair of glowing gloves for 142 gold pieces
 14185 | D:15     | Found a staircase to the Depths.
 14511 | Lair:1   | Entered Level 1 of the Lair of Beasts
 14537 | Lair:1   | Reached skill level 17 in Fighting
 14540 | Lair:1   | Received a gift from Okawaru
 14714 | Lair:1   | Noticed Fannar
 14730 | Lair:1   | Killed Fannar
 14731 | Lair:1   | Reached XP level 14. HP: 67/154 MP: 16/19
 14744 | Lair:1   | Noticed Gastronok
 14820 | Lair:1   | Killed Gastronok
 14820 | Lair:1   | Identified the +4 plate armour of Guenum {rN++} (Okawaru
                  | gifted it to you on level 1 of the Lair of Beasts)
 14820 | Lair:1   | Received a gift from Okawaru
 15423 | Lair:2   | Identified the +5 ring mail of Haofe {Will+ Str+3}
 15477 | Lair:2   | Found a staircase to the Snake Pit.
 15544 | Lair:2   | Found a frozen archway.
 15566 | Lair:2   | Found a staircase to the Swamp.
 15568 | IceCv    | Entered an ice cave
 15882 | IceCv    | Reached skill level 18 in Fighting
 15927 | IceCv    | Noticed a reaper
 15935 | IceCv    | Killed a reaper
 16036 | IceCv    | Reached skill level 15 in Axes
 16770 | Lair:3   | Noticed Nessos
 16801 | Lair:3   | Killed Nessos
 16900 | Lair:3   | Found a runed translucent gate.
 16900 | Lair:3   | Found a runed translucent gate.
 16939 | Lair:3   | Noticed Amaemon
 16954 | Lair:3   | Killed Amaemon
 16993 | Lair:3   | Identified the +7 rapier "Wealyebi" {holy, Fly rC+ Int+4}
 17113 | Lair:3   | Found a sacrificial altar of Ru.
 17216 | Lair:3   | Found a runed translucent gate.
 17222 | Lair:3   | Noticed BigDaddyOpFi's ghost (journeyman FoFi)
 17497 | Lair:3   | Killed BigDaddyOpFi's ghost
 17498 | Lair:3   | Reached skill level 19 in Fighting
 17764 | Lair:4   | Identified the +0 hat "Quicriwne" {rN+++ MP-9 Str-3 Dex+3}
                  | (Okawaru gifted it to you on level 4 of the Lair of Beasts)
 17764 | Lair:4   | Received a gift from Okawaru
 18455 | Lair:4   | Reached skill level 10 in Invocations
 18504 | Lair:5   | Entered Level 5 of the Lair of Beasts
 18576 | Lair:5   | Reached XP level 15. HP: 163/167 MP: 12/21
 18760 | Lair:5   | Found a burning altar of Makhleb.
 18784 | Lair:5   | Upgraded the game from 0.30-a0-779-g7971cf19c3 to
                  | 0.30-a0-800-g7c544603b3
 18784 | Lair:5   | Found a gateway to Hell.
 18874 | Lair:5   | Reached skill level 20 in Fighting
 18881 | Lair:5   | Found a runed translucent door.
 18881 | Lair:5   | Found a viscous altar of Jiyva.
 18881 | Lair:5   | Found a gate leading to a gauntlet.
 18882 | Lair:5   | Found a staircase to the Slime Pits.
 18882 | Lair:5   | Noticed an azure jelly
 18882 | Lair:5   | Noticed an azure jelly
 18895 | Gauntlet | Entered a Gauntlet
 18895 | Gauntlet | Found a transporter.
 18906 | Gauntlet | Found a transporter.
 18926 | Gauntlet | Found a transporter.
 18952 | Gauntlet | Found a transporter.
 18954 | Gauntlet | Found a transporter.
 18956 | Gauntlet | Found a transporter.
 18988 | Gauntlet | Found a transporter.
 18990 | Gauntlet | Found a transporter.
 19005 | Gauntlet | Found a transporter.
 19020 | Gauntlet | Found a transporter.
 19025 | Gauntlet | Found a transporter.
 19040 | Gauntlet | Found a transporter.
 19059 | Gauntlet | Found a transporter.
 19071 | Gauntlet | Found a transporter.
 19083 | Gauntlet | Found a transporter.
 19095 | Gauntlet | Found a transporter.
 19107 | Gauntlet | Found a transporter.
 19124 | Gauntlet | Found a transporter.
 19348 | Gauntlet | Identified the +22 crystal plate armour of Summertime
                  | {*Corrode +Inv Regen+}
 19882 | Gauntlet | Identified the amulet "Fuimpuck" {Spirit Fly Regen+ Int-2}
 19987 | Gauntlet | Got Sif Muna's Lessons on Alteration
 19994 | Gauntlet | Identified the +1 dire flail of the Hall of Blades {heavy,
                  | rF+++ Str-3 Dex+4}
 20119 | Lair:5   | Identified the +1 helmet "Mamoziwe" {-Tele Str+3 SInv}
 20756 | Lair:5   | Killed an azure jelly
 20759 | Lair:5   | Killed an azure jelly
 20907 | Orc:1    | Entered Level 1 of the Orcish Mines
 20907 | Orc:1    | Found Nofap's Antique Armour Shoppe.
 20923 | Orc:1    | Received a gift from Okawaru
 20930 | Orc:1    | Bought an embroidered scarf for 224 gold pieces
 20986 | Orc:1    | Found Geuw's General Store.
 21074 | Orc:2    | Entered Level 2 of the Orcish Mines
 21132 | Orc:2    | Found Wotoz's Antique Weapon Shop.
 21310 | Orc:2    | Found a staircase to the Elven Halls.
 21740 | Orc:2    | Found Wowusez's Antique Armour Boutique.
 21819 | Orc:2    | Found Vuhahonu's Antique Weapon Shop.
 21941 | Orc:2    | Found Vumeacogai's Book Shoppe.
 22262 | Swamp:1  | Entered Level 1 of the Swamp
 22280 | Swamp:1  | Identified the +6 great sword of Ytackuve {heavy, Fragile
                  | rPois rCorr Int+5} (Okawaru gifted it to you on level 1 of
                  | the Swamp)
 22280 | Swamp:1  | Received a gift from Okawaru
 22290 | Swamp:1  | Reached skill level 21 in Fighting
 22706 | Swamp:1  | Noticed Aizul
 22714 | Swamp:1  | Banished Aizul
 22838 | Swamp:1  | Reached XP level 16. HP: 183/183 MP: 14/23
 22917 | Swamp:1  | Found a runed translucent door.
 22947 | Swamp:1  | Received a gift from Okawaru
 23055 | Swamp:1  | Identified the +0 leather armour of Panentheism {Harm
                  | Rampage Will-}
 23055 | Swamp:1  | Identified the ring of Linearity {rF+ rC+ rCorr Str-4
                  | Dex+4}
 23055 | Swamp:1  | Noticed Frances
 23067 | Swamp:1  | Killed Frances
 23963 | Swamp:3  | Identified the +3 pair of gloves "Lyak" {Str+6 Slay-2}
                  | (Okawaru gifted it to you on level 3 of the Swamp)
 23963 | Swamp:3  | Received a gift from Okawaru
 23970 | Swamp:3  | Identified the +0 whip "Umoturgh" {flame, rN+ Int+3}
 24230 | Swamp:3  | Reached skill level 22 in Fighting
 24530 | Swamp:4  | Entered Level 4 of the Swamp
 24826 | Swamp:4  | Noticed the 27-headed Lernaean hydra
 25313 | Swamp:4  | HP: 3/187 [the 27-headed Lernaean hydra (9)]
 25313 | Swamp:4  | HP: 1/187 [the 27-headed Lernaean hydra (2)]
 25313 | Swamp:4  | Slain by the 27-headed Lernaean hydra

Illustrated notes

Levels and vault maps discovered:
D:1:      eino_arrival_cavern_c, layout_basic,
          ebering_ecumenical_altar_sacrificial, nicolae_hexahallways,
          supply_closet_lemuel, minmay_tetromino_l2
D:2:      layout_loops_ring, serial_shops, shop, basic_altar,
          grunt_ministairs_13, uniq_jessica
D:3:      layout_basic, mainiacjoe_overflow_brackets,
          ebering_ghost_disaster_area, chequers_serial_rivers_micro_d,
          minivault_26, mrwooster_statue_mirror
D:4:      layout_basic, nicolae_qazlal_scattered_showers,
          lightli_ossuary_entry_decrepit_ruins, minmay_increasing_density,
          uniq_menkaure
D:5:      layout_basic, gup_sewer_entry_spiral
D:6:      minmay_chambers_of_threes, layout_cave_pools, lemuel_doored_altar,
          minmay_temple_entry_waves, corexii_shack, uniq_grinder
D:7:      layout_cave_pools, mainiacjoe_overflow_surrounded_room,
          nicolae_ru_sacrificial_ziggurat, uniq_duvessa,
          uniq_crazy_yiuf_cottage, uniq_maggie
D:8:      layout_cave_pools, overflow_temple_1_default, enter_bailey_2
D:9:      layout_irregular_city, pdpol_temple_overflow_zin_treasury_gozag_greed,
          grunt_lair_entry_orc_guard_hut, nicolae_shop_unique_rings
D:10:     layout_rooms, mainiacjoe_overflow_six_doors_small,
          nicolae_uskayaw_en_pointe, grunt_dithmenos_shadows
D:11:     layout_big_octagon, orc_david_3, uniq_harold, uniq_nergalle,
          uniq_maurice
D:12:     layout_rooms, minivault_24
D:13:     layout_basic, david_vaults_2, hangedman_tell_no_tales, uniq_urug
D:14:     layout_roguey, hangedman_abyss_or_decor_lesser_grid,
          minmay_three_doors
D:15:     grunt_enter_depths_hoard, layout_cave_pods,
          hangedman_decor_peaks_small, serial_shops, bzr_entry_dummy
Lair:1:   layout_regular_city, beast_lair_carwin_9, lemuel_fruit_fields,
          uniq_gastronok, uniq_fannar
Lair:2:   layout_cave_pods, swamp_mist, minmay_snake_entry_guardpost_large,
          portal_ice_cave_entry_imps
Lair:3:   layout_misc_corridors, gammafunk_ghost_necromancy,
          lemuel_centaur_altar, grunt_megastairs_3, uniq_amaemon, uniq_nessos
Lair:4:   layout_regular_city, wad_woods_03, serial_bayou_shore_b,
          grunt_megastairs_1
Lair:5:   evil_forest, layout_cave_shapes, slime_entry_2,
          gauntlet_entry_generic, lemuel_fruit_tree, infiniplex_staircase_pool_2
Swamp:1:  gammafunk_mikee_crab_dinner, layout_basic_swamp,
          nicolae_swamp_fairy_circle, swamp_pool3, uniq_frances, uniq_aizul
Swamp:2:  layout_falls_marsh, evilmike_swamp_ruin_house_5,
          nicolae_swamp_bunyip_nook
Swamp:3:  layout_basic_swamp, nicolae_swamp_orc_logging_accident
Swamp:4:  swamp, layout_basic_swamp, infiniplex_staircase_pool
Orc:1:    layout_caves, serial_shops, shop, nicolae_shop_advertising_works
          [nicolae_subvault_shop_adworks], shop, nicolae_shop_window_shopping,
          mines4_lemuel
Orc:2:    grunt_orc_community_town_hall, layout_diamond_mine,
          grunt_orc_community_big_house_1, grunt_orc_community_big_house_2,
          grunt_orc_community_house_1, grunt_orc_community_house_2,
          grunt_orc_community_house_3, grunt_orc_community_house_1,
          grunt_orc_community_house_2, grunt_orc_community_house_3

Skill      XL: |  1  2  3  4  5  6  7  8  9 10 11 12 13 14 15 16 |
---------------+-------------------------------------------------+-----
Shields        | 4 5 6 8 9 10 | 10.0
Fighting       | 4 5 6 7 8 10 11 13 15 17 19 21 22 | 22.5
Armour         | 4 6 7 9 11 13 15 16 17 18 19 | 19.4
Axes           | 3 4 5 6 8 9 11 12 13 14 15 16 17 | 17.9
Invocations    | 1 4 6 8 10 11 12 | 12.4

Action                     |  1- 3 |  4- 6 |  7- 9 | 10-12 | 13-15 | 16-18 || total
---------------------------+-------+-------+-------+-------+-------+-------++-------
  Melee: War axe           |    84 |   147 |   206 |   127 |       |       ||   564
         Headbutt          |     7 |    26 |    29 |    68 |   167 |    62 ||   359
         Broad axe         |       |       |       |   240 |   728 |   205 ||  1173
 Invoke: Heroism           |       |     1 |       |     6 |     8 |       ||    15
         Finesse           |       |       |       |     1 |     4 |       ||     5
  Evoke: Lightning rod     |       |       |       |       |     1 |     1 ||     2
         Wand              |       |       |       |       |     1 |       ||     1
    Use: Scroll            |     2 |    12 |     9 |     7 |    15 |     1 ||    46
         Potion            |       |     2 |     2 |     3 |     2 |     2 ||    11
 Armour: Scale mail        |    46 |    50 |    93 |    84 |       |       ||   273
         Plate armour      |       |       |       |   259 |   505 |   345 ||  1109
         Swamp dragon scal |       |       |       |       |       |    14 ||    14
  Dodge: Dodged            |    38 |    61 |    97 |   155 |   153 |   108 ||   612
  Block: Buckler           |    18 |    34 |    41 |       |       |       ||    93
         Kite shield       |       |       |    26 |   266 |   483 |   186 ||   961

Table legend: (Time is in decaauts)
 A = Elapsed time spent in this place.
 B = Non-inter-level travel time spent in this place.
 C = Inter-level travel time spent in this place.
 D = Time resting spent in this place.
 E = Time spent auto-exploring this place.
 F = Levels seen in this place.
 G = Mean time per level.
                   A        B        C        D        E       F      G
               +--------+--------+--------+--------+--------+-----+--------+
         Total |  25623 |  23940 |   1683 |   2175 |  15773 |  32 |  800.7 |
       Dungeon |  13882 |  12893 |    989 |    848 |   9486 |  15 |  925.5 |
          Lair |   4753 |   4213 |    540 |    109 |   3147 |   5 |  950.6 |
         Swamp |   3020 |   2949 |     71 |    679 |   1404 |   4 |  755.0 |
  Orcish Mines |   1175 |   1093 |     82 |      0 |    848 |   2 |  587.5 |
        Bazaar |     51 |     51 |      0 |      0 |     14 |   1 |   51.0 |
         Sewer |    304 |    304 |      0 |      0 |    186 |   1 |  304.0 |
       Ossuary |    434 |    434 |      0 |    225 |    112 |   1 |  434.0 |
        Bailey |    344 |    344 |      0 |      0 |    234 |   1 |  344.0 |
      Ice Cave |    505 |    505 |      0 |    119 |     93 |   1 |  505.0 |
      Gauntlet |   1150 |   1150 |      0 |    195 |    248 |   1 | 1150.0 |
               +--------+--------+--------+--------+--------+-----+--------+

Top non-repeatable levels by time:
     D:4: 1339 daAuts
     D:5: 1312 daAuts
Gauntlet: 1150 daAuts
     D:7: 1133 daAuts
  Lair:5: 1110 daAuts
 Swamp:1: 1081 daAuts
     D:1: 1036 daAuts
   Orc:2: 991 daAuts
    D:15: 989 daAuts
     D:9: 984 daAuts
     D:6: 958 daAuts
     D:2: 937 daAuts
  Lair:4: 936 daAuts
     D:3: 919 daAuts
  Lair:1: 911 daAuts
